 Dungeon Crawl Stone Soup version 0.30-a0-223-gcb0039aa0c (webtiles) character file.

Game seed: 2524356221606618701

2094 ryw the Changer (level 9, -4/58 HPs)
             Began as a Demonspawn Monk on Oct 9, 2022.
             Was a Priest of Hepliaklqana.
             Slain by Joseph
             ... wielding a +0 quarterstaff
              (11 damage)
             ... on level 8 of the Dungeon.
             The game lasted 00:15:54 (7219 turns).

ryw the Changer (Demonspawn Monk)                   Turns: 7219, Time: 00:15:54

Health: -4/58      AC:  7    Str: 13    XL:     9   Next: 7%
Magic:  17/18      EV: 15    Int: 15    God:    Hepliaklqana [***...]
Gold:   380        SH:  6    Dex: 17    Spells: 9/20 levels left

rFire   + . .      SeeInvis +    c - +1 short sword (flame)
rCold   + . .      Faith    .    e - +0 buckler
rNeg    . . .      Spirit   .    A - +2 robe {rC+}
rPois   .          Reflect  .    (helmet currently unavailable)
rElec   +          Harm     .    F - +0 cloak
rCorr   .          Rampage  .    p - +1 pair of gloves
Will    .....                    (boots currently unavailable)
Stlth   ++........               (no amulet)
HPRegen 0.29/turn                i - ring "Egucva" {Wiz rElec rF+ Int+2 SInv}
MPRegen 0.16/turn                (no ring)

@: appendages, wereblooded
A: horns 2, talons 2, reduced essence, repulsion field 2, powered by death 1,
demonic magic 2, weakness stinger 2
a: End Transformation, Renounce Religion, Recall Ancestor, Ancestor Identity,
Transference


You were on level 8 of the Dungeon.
You worshipped Hepliaklqana.
Hepliaklqana was most pleased with you.
You had temporarily grown beastly horns and talons.
You visited 2 branches of the dungeon, and saw 9 of its levels.

You collected 380 gold pieces.

Inventory:

Hand Weapons
 c - a +1 short sword of flaming (weapon)
 o - a +1 whip of freezing
 B - a +0 glaive
Missiles
 m - 13 poisoned darts
 t - 4 datura-tipped darts
 x - 5 javelins (quivered)
Armour
 e - a +0 buckler (worn)
 n - a +0 helmet (melded)
 p - a +1 pair of gloves (worn)
 A - a +2 robe of cold resistance (worn)
 F - a +0 cloak (worn)
Jewellery
 i - the ring "Egucva" (left hand) {Wiz rElec rF+ Int+2 SInv}
   (You acquired it on level 3 of the Dungeon)

   [ring of wizardry]

   It improves your spell success rate.
   Int:       It affects your intelligence (+2).
   rF:        It protects you from fire.
   rElec:     It insulates you from electricity.
   SInv:      It lets you see invisible.
Wands
 l - a wand of digging (3)
 y - a wand of flame (8)
 C - a wand of quicksilver (1)
Scrolls
 a - a scroll of noise {unknown}
 d - 2 scrolls of enchant weapon
 f - 3 scrolls of immolation
 j - 2 scrolls of blinking {unknown}
 q - a scroll of amnesia
 w - a scroll of enchant armour {unknown}
 z - 2 scrolls of teleportation {unknown}
 E - a scroll of butterflies {unknown}
Potions
 b - 2 potions of ambrosia
 g - 2 potions of brilliance
 h - 2 potions of mutation
 k - 2 potions of degeneration
 r - a potion of berserk rage
 s - 2 potions of haste
 u - a potion of flight {unknown}
 v - a potion of resistance {unknown}
 D - a potion of cancellation {unknown}
 G - a potion of heal wounds


   Skills:
 - Level 4.1 Fighting
 - Level 2.6 Dodging
 - Level 1.7 Stealth
 - Level 5.0 Shields
 - Level 2.6 Unarmed Combat
 - Level 6.0 Spellcasting
 * Level 6.7 Transmutations


You had 9 spell levels left.
You knew the following spells:

 Your Spells              Type           Power      Damage    Failure   Level
a - Beastly Appendage     Tmut           48%        N/A       1%          1
b - Wereblood             Tmut           24%        N/A       1%          2
c - Spider Form           Tmut/Pois      14%        N/A       6%          3
d - Blade Hands           Tmut           12%        N/A       13%         5

Your spell library contained the following spells:

 Spells                   Type           Power      Damage    Failure   Level
 Passwall                 Tmut/Erth      11%        N/A       2%          2
 Apportation              Tloc           8%         N/A       8%          1
 Necrotise                Necr           16%        1d4       8%          1
 Sandblast                Erth           8%         2d5       8%          1
 Summon Small Mammal      Summ           16%        N/A       8%          1
 Cigotuvi's Dreadful Rot  Necr/Pois/Air  8%         N/A       12%         2
 Ensorcelled Hibernation  Hex/Ice        8%         N/A       12%         2
 Poisonous Vapours        Pois/Air       8%         N/A       12%         2
 Sublimation of Blood     Necr           4%         N/A       12%         2
 Petrify                  Tmut/Erth      14%        N/A       19%         4
 Mephitic Cloud           Conj/Pois/Air  4%         N/A       22%         3
 Ozocubu's Armour         Ice            4%         N/A       22%         3
 Portal Projectile        Hex/Tloc       8%         N/A       22%         3
 Stone Arrow              Conj/Erth      8%         3d7       22%         3
 Swiftness                Air            4%         N/A       22%         3
 Tukima's Dance           Hex            4%         N/A       22%         3
 Irradiate                Conj/Tmut      7%         3d14      45%         5
 Ozocubu's Refrigeration  Ice            2%         4d7       100%        7


Dungeon Overview and Level Annotations

Branches:
Dungeon (8/15)             Temple (1/1) D:5
   Lair: D:8-11

Altars:
Ashenzari
Cheibriados
Fedhas
Gozag
Hepliaklqana
Kikubaaqudgha
Makhleb
Nemelex Xobeh
Okawaru
Qazlal
Ru
Sif Muna
Trog
Uskayaw
Vehumet
Wu Jian
Xom
Yredelemnul

Annotations:
D:4 1 runed translucent door, 1 exclusion, Crazy Yiuf, Dowan, Duvessa
D:8 Joseph


Innate Abilities, Weirdness & Mutations

You have temporarily grown beastly horns and talons.
Your life essence is reduced to manifest your ancestor. (-10% HP)
You are surrounded by a moderate repulsion field. (EV +3)
You regenerate a little health from kills.
Spells you cast may paralyse nearby enemies.
You have a tail ending in a sharp stinger.


Message History

Your primal bloodlust has ended.
G - a potion of heal wounds
There are no items here.
You swap places.
Casting: Wereblood (safe; 1% risk of failure)
Confirm with . or Enter, or press ? or * to list all spells.
Your blood is infused with primal strength.
Malevolent energies surge around you.
Joseph unwields a +0 sling.
Joseph wields a +0 quarterstaff.
Joseph hits you with a +0 quarterstaff!
You hit Joseph but do no damage. You claw Joseph, but do no damage.
Your tail-slap misses Joseph.
You hit Joseph but do no damage. You claw Joseph, but do no damage.
Joseph hits you with a +0 quarterstaff!
You barely miss Joseph. Your kick misses Joseph. Your headbutt misses Joseph.
Joseph hits you with a +0 quarterstaff.
Nozipho hits Joseph with a +0 flail!
You block Joseph's attack.
You hit Joseph. You claw Joseph! Your headbutt misses Joseph.
Joseph is moderately wounded.
Nozipho hits Joseph with a +0 flail!
Joseph barely misses you.
You hit Joseph but do no damage. Your kick misses Joseph. You headbutt Joseph.
Joseph is severely wounded.
Nozipho completely misses Joseph.
Joseph hits you with a +0 quarterstaff.
You barely miss Joseph. You claw Joseph, but do no damage.
You headbutt Joseph, but do no damage.
Joseph is severely wounded.
Nozipho completely misses Joseph.
Joseph hits you with a +0 quarterstaff!
* * * LOW HITPOINT WARNING * * *
Unknown command.
You hit Joseph. You claw Joseph.
Your tail-slap misses Joseph.
Joseph is severely wounded.
Nozipho hits Joseph with a +0 flail!
Joseph says, "I'm happy to see you. And I'll be happy to kill you."
Joseph hits you with a +0 quarterstaff!
* * * LOW HITPOINT WARNING * * *
Unknown command.
You hit Joseph but do no damage. You claw Joseph, but do no damage.
Joseph is almost dead.
Nozipho hits Joseph with a +0 flail.
Joseph hits you with a +0 quarterstaff!
You die...

.# .. .# .>.
⌠.###...#
..........
#........8
#.........
####@......#
#..@R......#
#.8........##
#...)).......
####...###.⌠
#.<.# #...#
#####


You could see the friendly Nozipho the knight and Joseph (ally target).

Vanquished Creatures
  Pikel (D:3)
  An ogre (D:5)
  A lemure (D:3)
  A phantom (D:5)
  A bullfrog (D:7)
  A necrophage (D:5)
  3 howler monkeys
  A jelly (D:5)
  3 hounds
  2 orc priests (D:3)
  6 iguanas
  2 orc wizards
  6 adders
  A shadow imp (D:6)
  3 white imps (D:5)
  2 ufetubi
  3 worms
  A dart slug (D:1)
  8 orcs
  4 ball pythons
  3 bats
  6 endoplasms
  5 giant cockroaches
  6 goblins
  2 hobgoblins (D:2)
  13 jackals
  9 kobolds
  7 quokkas
  A frilled lizard (D:2)
  5 rats
108 creatures vanquished.

Vanquished Creatures (collateral kills)
  An orc warrior (D:8)
  An ogre (D:6)
  Blork the orc (D:5)
  2 scorpions
  A howler monkey (D:6)
  2 hounds
  5 iguanas
  An orc wizard (D:7)
  4 gnolls (D:7)
  2 adders
  2 white imps
  3 ufetubi
  A worm (D:5)
  7 orcs
  A hobgoblin (D:4)
34 creatures vanquished.

Vanquished Creatures (others)
  5 fungi (D:4)
  2 plants (D:4)
7 creatures vanquished.

Grand Total: 149 creatures vanquished

Notes
Turn   | Place    | Note
-------+----------+-------------------------------------------
     0 | D:1      | ryw the Demonspawn Monk began the quest for the Orb.
     0 | D:1      | Reached XP level 1. HP: 18/18 MP: 1/1
   126 | D:1      | Gained mutation: Spells you cast may paralyse adjacent
                  | enemies. [demonic ancestry]
   126 | D:1      | Reached XP level 2. HP: 23/24 MP: 2/2
   443 | D:1      | Reached skill level 1 in Shields
   443 | D:1      | Gained mutation: You are surrounded by a mild repulsion
                  | field. (EV +2) [demonic ancestry]
   443 | D:1      | Reached XP level 3. HP: 11/30 MP: 3/3
   540 | D:1      | Found a faded altar of an unknown god.
   655 | D:1      | You fall into a shaft and drop 1 floor!
  1253 | D:2      | Learned a level 1 spell: Beastly Appendage
  2364 | D:3      | Gained mutation: You have a small tail. [demonic ancestry]
  2364 | D:3      | Reached XP level 4. HP: 24/37 MP: 3/5
  2437 | D:3      | Reached skill level 1 in Transmutations
  2477 | D:3      | Reached skill level 1 in Spellcasting
  2931 | D:3      | Gained mutation: You are surrounded by a moderate repulsion
                  | field. (EV +3) [demonic ancestry]
  2931 | D:3      | Reached XP level 5. HP: 39/42 MP: 7/7
  3067 | D:3      | Identified a scroll of acquirement
  3067 | D:3      | Acquired the ring "Egucva" {Wiz rElec rF+ Int+2 SInv}
  3073 | D:3      | Learned a level 2 spell: Wereblood
  3321 | D:4      | Noticed a lemure
  3321 | D:4      | Noticed a lemure
  3322 | D:4      | Noticed Pikel
  3409 | D:3      | Killed a lemure
  3647 | D:4      | HP: 1/42 [iguana (4)]
  3830 | D:4      | Noticed Duvessa
  3830 | D:4      | Noticed Dowan
  3879 | D:4      | Found a runed translucent door.
  3880 | D:4      | Noticed Crazy Yiuf
  4018 | D:4      | Noticed a lemure
  4022 | D:4      | Noticed a lemure
  4051 | D:3      | Killed Pikel
  4052 | D:3      | Reached XP level 6. HP: 35/48 MP: 8/11
  4052 | D:3      | Gained mutation: You regenerate a little health from kills.
                  | [demonic ancestry]
  4052 | D:3      | Reached XP level 7. HP: 39/54 MP: 8/12
  4178 | D:4      | Found a stormy altar of Qazlal.
  4182 | D:4      | Found a blossoming altar of Fedhas.
  4409 | D:5      | Entered Level 5 of the Dungeon
  4756 | D:5      | Found a staircase to the Ecumenical Temple.
  4775 | Temple   | Entered the Ecumenical Temple
  4813 | Temple   | Became a worshipper of Hepliaklqana the Forgotten
  4813 | Temple   | Reached * piety under Hepliaklqana
  4813 | Temple   | Reached ** piety under Hepliaklqana
  4814 | Temple   | Remembered your ancestor Nozipho as a knight
  5025 | D:5      | Gained mutation: You have a tail ending in a sharp stinger.
                  | [demonic ancestry]
  5025 | D:5      | Reached XP level 8. HP: 33/54 MP: 14/14
  5585 | D:5      | Noticed Blork the orc
  5597 | D:5      | Killed Blork the orc
  5598 | D:5      | Reached skill level 5 in Shields
  5739 | D:5      | Reached skill level 5 in Spellcasting
  6053 | D:6      | Reached skill level 5 in Transmutations
  6748 | D:7      | Learned a level 3 spell: Spider Form
  6754 | D:7      | Learned a level 5 spell: Blade Hands
  6878 | D:7      | Reached *** piety under Hepliaklqana
  6977 | D:7      | Gained mutation: Spells you cast may paralyse nearby
                  | enemies. [demonic ancestry]
  6977 | D:7      | Reached XP level 9. HP: 58/58 MP: 18/18
  7204 | D:8      | Noticed Joseph
  7219 | D:8      | Slain by Joseph

Illustrated notes

Levels and vault maps discovered:
D:1:      erik_arrival_triangle_small, layout_basic,
          shapermc_ecumenical_altar_notcrosses, chequers_serial_rivers_micro_e
D:2:      layout_basic
D:3:      layout_loops_ring
D:4:      layout_loops_ring, grunt_temple_overflow_forces_of_nature,
          grunt_ministairs_13, uniq_crazy_yiuf_cottage, uniq_duvessa, uniq_pikel
D:5:      minmay_diamond_boxcup, layout_basic, minmay_temple_entry_offerings,
          minmay_misc_feat_rugged, minmay_fractal_squares_gapless_5,
          uniq_blork_the_orc
D:6:      layout_gridville, minmay_misc_feat_cross
D:7:      layout_rooms
D:8:      layout_loops_ring, mainiacjoe_overflow_six_doors_small,
          nicolae_elevator_lobby_asterisk, uniq_joseph
Temple:   hellmonk_temple_of_storms

Skill      XL: |  1  2  3  4  5  6  7  8 |
---------------+-------------------------+-----
Shields        | 1 2 3 4 5 |  5.0
Fighting       | 4 |  4.1
Transmutations | 1 3 4 6 |  6.7
Spellcasting   | 1 3 4 6 |  6.0
Dodging        | |  2.6
Stealth        | |  1.7
Unarmed Combat | |  2.6

Action                   |  1- 3 |  4- 6 |  7- 9 || total
-------------------------+-------+-------+-------++-------
Melee: Unarmed           |    16 |       |       ||    16
       Short sword       |   159 |   149 |   274 ||   582
       Punch             |     2 |       |       ||     2
       Tailslap          |       |    26 |    44 ||    70
       Headbutt          |       |     2 |     4 ||     6
       Kick              |       |     1 |    20 ||    21
Throw: Dart              |       |     7 |     6 ||    13
 Cast: Beastly Appendage |       |     1 |     7 ||     8
       Wereblood         |       |       |     2 ||     2
Invok: Ancestor Life: Kn |       |       |     1 ||     1
  Use: Scroll            |       |    10 |     1 ||    11
       Potion            |       |     2 |       ||     2
 Stab: Sleeping          |     1 |     4 |     7 ||    12
       Paralysed         |       |       |     5 ||     5
       Distracted        |       |       |     1 ||     1
Armor: Robe              |    19 |    31 |    54 ||   104
Dodge: Dodged            |   110 |    81 |   198 ||   389
Block: Buckler           |    28 |    27 |    68 ||   123

Table legend: (Time is in decaauts)
 A = Elapsed time spent in this place.
 B = Non-inter-level travel time spent in this place.
 C = Inter-level travel time spent in this place.
 D = Time resting spent in this place.
 E = Time spent auto-exploring this place.
 F = Levels seen in this place.
 G = Mean time per level.
                   A        B        C        D        E       F      G
               +--------+--------+--------+--------+--------+-----+--------+
         Total |   7247 |   6964 |    283 |    479 |   4898 |   9 |  805.2 |
       Dungeon |   7196 |   6923 |    273 |    479 |   4880 |   8 |  899.5 |
        Temple |     50 |     40 |     10 |      0 |     18 |   1 |   50.0 |
               +--------+--------+--------+--------+--------+-----+--------+

Top non-repeatable levels by time:
     D:5: 1512 daAuts
     D:3: 1325 daAuts
     D:2: 1142 daAuts
     D:4: 1077 daAuts
     D:1: 912 daAuts
     D:6: 700 daAuts
     D:7: 487 daAuts
  Temple: 50 daAuts
     D:8: 37 daAuts
